 Dungeon Crawl Stone Soup version 0.27-a0-1191-g601b473118 (webtiles) character file.

Game seed: 7935108704701672892

473 st0uf the Chopper (level 6, -2/51 HPs)
             Began as a Minotaur Gladiator on May 23, 2021.
             Was an Initiate of Yredelemnul.
             Slain by a white imp (4 damage)
             ... on level 5 of the Dungeon.
             The game lasted 00:07:00 (4248 turns).

st0uf the Chopper (Minotaur Gladiator)              Turns: 4248, Time: 00:07:01

Health: -2/51      AC:  1    Str: 25    XL:     6   Next: 83%
Magic:  6/6        EV: 12    Int:  5    God:    Yredelemnul [......]
Gold:   192        SH:  0    Dex: 13    Spells: 5/5 levels left

rFire    . . .     SeeInvis .   a - +0 war axe
rCold    . . .     Faith    .   (no shield)
rNeg     . . .     Spirit   .   i - +0 ring mail
rPois    .         Reflect  .   c - +0 hat
rElec    .         Harm     .   (no cloak)
rCorr    .         Rampage  .   (no gloves)
Will     .....                  (no boots)
Stlth    +.........             (no amulet)
HPRegen  0.17/turn              f - +6 ring of strength
MPRegen  0.10/turn              (no ring)

@: corroded
A: horns 2, retaliatory headbutt
a: Renounce Religion


You were on level 5 of the Dungeon.
You worshipped Yredelemnul.
Yredelemnul was noncommittal.
You visited 2 branches of the dungeon, and saw 6 of its levels.

You collected 192 gold pieces.

Inventory:

Hand Weapons
 a - a +0 war axe (weapon)
 u - the +8 spear of Reason {vorpal, rF+ rC- Int+2 Dex+4}
   (You took it off a goblin on level 4 of the Dungeon)

   It inflicts extra damage upon your enemies.
   It affects your intelligence (+2).
   It affects your dexterity (+4).
   It protects you from fire.
   It makes you vulnerable to cold.
Missiles
 d - 3 throwing nets (quivered)
Armour
 b - a +0 leather armour
 c - a +0 hat (worn)
 i - a +0 ring mail (worn)
Jewellery
 f - a +6 ring of strength (left hand)
 s - an amulet of faith
Scrolls
 e - a scroll of torment {unknown}
 h - 2 scrolls of magic mapping {unknown}
 j - 3 scrolls of identify {unknown}
 m - 2 scrolls of enchant armour {unknown}
 o - 2 scrolls of teleportation {unknown}
 q - a scroll of blinking {unknown}
 t - a scroll of fear {unknown}
Potions
 g - a potion of ambrosia {unknown}
 k - a potion of heal wounds {unknown}
 l - 2 potions of attraction {unknown}
 n - a potion of invisibility {unknown}
 p - a potion of mutation {unknown}
 r - a potion of curing {unknown}


   Skills:
 + Level 3.5 Fighting
 + Level 6.6 Axes
 + Level 2.0 Throwing
 + Level 3.9 Armour
 + Level 4.2 Dodging
 + Level 1.0 Stealth
 * Level 1.5 Invocations


You had 5 spell levels left.
You didn't know any spells.
Your spell library contained the following spells:

 Spells                   Type           Power      Damage    Failure   Level
 Animate Skeleton         Necr           0%         N/A       61%         1
 Pain                     Necr           0%         1d4       61%         1
 Vampiric Draining        Necr           0%         2d6       93%         3
 Animate Dead             Necr           0%         N/A       100%        4
 Agony                    Necr           0%         N/A       100%        5


Dungeon Overview and Level Annotations

Branches:
Dungeon (5/15)             Temple (1/1) D:4

Altars:
Ashenzari
Cheibriados
Dithmenos
Fedhas
Kikubaaqudgha
Makhleb
Nemelex Xobeh
Qazlal
Ru
Sif Muna
Trog
Vehumet
Wu Jian
Yredelemnul
The Shining One


Innate Abilities, Weirdness & Mutations

You have a pair of horns on your head.
You reflexively headbutt those who attack you in melee.


Message History

Yredelemnul accepts your kill.
You closely miss the white imp. The shadow imp gestures at you.
Pain shoots through your body! The white imp misses you.
You furiously retaliate!
You headbutt the white imp. The white imp barely misses you.
You hit the white imp.
The white imp is moderately wounded.
The white imp hits you. The white imp freezes you.
The white imp shouts, "Begone, thou bawdy moldwarp walking sirloin!"
You hit the iguana but do no damage. Your headbutt misses the iguana.
The iguana closely misses you. You furiously retaliate!
You headbutt the iguana! You barely miss the iguana. You headbutt the iguana.
The iguana is almost dead.
The iguana barely misses you.
You hit the iguana but do no damage.
The iguana is almost dead.
The iguana barely misses you. You furiously retaliate!
You headbutt the iguana!
You kill the iguana!
Yredelemnul accepts your kill.
You closely miss the white imp.
The white imp is moderately wounded.
The white imp hits you. The white imp freezes you.
You hit the white imp but do no damage. You headbutt the white imp.
The white imp is heavily wounded.
The white imp hits you. The white imp freezes you.
* * * LOW HITPOINT WARNING * * *
Unknown command.
You closely miss the white imp. Your headbutt misses the white imp.
The white imp is heavily wounded.
The white imp hits you.
* * * LOW HITPOINT WARNING * * *
The white imp freezes you.
* * * LOW HITPOINT WARNING * * *
The white imp hits you.
* * * LOW HITPOINT WARNING * * *
The white imp freezes you.
You die...
Your body rises from the dead as a mindless zombie.

+.....†.....>... #....#
######.#<#.#.########.#
#.### .........# ######..
#######..# #....###
#...##..# #....# #
#.#....<# ####....# #.
#.#.##### ........####
#.##.....†.. .......55@.##
#.#.......#. ........##..#
#.........##
............###...####.###
.............##.#..##...##
...........#.##....##._...
........####..#.........##
....##### ##.#.#.....####
.... ####...####...### ...
#........##......


You could see a white imp and a shadow imp.

Vanquished Creatures
  A necrophage (D:5)
  A lemure (D:4)
  A scorpion (D:5)
  2 hounds (D:4)
  2 jellies
  An iguana (D:5)
  Natasha (D:2)
  Robin (D:4)
  A howler monkey skeleton (D:5)
  5 adders
  An ufetubus (D:4)
  An adder skeleton (D:4)
  A worm (D:5)
  An orc (D:3)
  7 endoplasms
  3 giant cockroaches (D:2)
  4 hobgoblins
  6 jackals
  7 kobolds
  7 ball pythons
  A bat (D:1)
  19 goblins
  4 rats
78 creatures vanquished.

Notes
Turn   | Place    | Note
-------+----------+-------------------------------------------
     0 | D:1      | st0uf the Minotaur Gladiator began the quest for the Orb.
     0 | D:1      | Reached XP level 1. HP: 18/18 MP: 0/0
    12 | D:1      | Found a faded altar of an unknown god.
   281 | D:1      | Reached XP level 2. HP: 25/25 MP: 1/1
   332 | D:1      | Reached skill level 4 in Axes
  1292 | D:2      | Reached XP level 3. HP: 26/30 MP: 2/2
  1380 | D:2      | Noticed Natasha
  1387 | D:2      | Killed Natasha
  1388 | D:2      | Reached skill level 1 in Armour
  1908 | D:3      | Reached XP level 4. HP: 34/37 MP: 3/3
  1994 | D:3      | Reached skill level 5 in Axes
  2594 | D:4      | Reached XP level 5. HP: 41/45 MP: 4/4
  2822 | D:4      | Found a staircase to the Ecumenical Temple.
  2831 | Temple   | Entered the Ecumenical Temple
  3124 | Temple   | Became a worshipper of Yredelemnul the Dark
  3575 | D:4      | Noticed a lemure
  3598 | D:4      | Killed a lemure
  3823 | D:4      | Identified the +8 spear of Reason {vorpal, rF+ rC- Int+2
                  | Dex+4}
  3824 | D:4      | Noticed Robin
  3834 | D:4      | Killed Robin
  3921 | D:5      | Entered Level 5 of the Dungeon
  3921 | D:5      | Noticed a necrophage
  3928 | D:5      | Killed a necrophage
  3929 | D:5      | Reached skill level 6 in Axes
  3929 | D:5      | Reached skill level 1 in Invocations
  3929 | D:5      | Reached XP level 6. HP: 44/51 MP: 5/5
  4003 | D:5      | Found a bloodstained altar of Trog.
  4018 | D:5      | Reached skill level 1 in Stealth
  4248 | D:5      | HP: 2/51 [white imp (4)]
  4248 | D:5      | Slain by a white imp

Illustrated notes

Levels and vault maps discovered:
D:1:      lightli_arrival_maybe_door_vault, layout_basic,
          hellmonk_ecumenical_altar_pennies_from_heaven
D:2:      minmay_alternating_diamond, layout_basic, uniq_natasha
D:3:      layout_basic, kennysheep_generic_room_3
D:4:      layout_rooms, minmay_temple_entry_antechambers,
          grunt_decor_resistance, chequers_serial_rivers_small_a,
          grunt_ministairs_13, uniq_robin, uniq_pikel
D:5:      layout_basic, trog_three_pillars_becter, serial_shops,
          nicolae_shop_temple_entry_statues_fountains, uniq_prince_ribbit1
Temple:   dpeg_chambers_temple

Skill      XL: |  1  2  3  4  5  6 |
---------------+-------------------+-----
Axes           | 4 5 6 |  6.6
Armour         | 1 2 3 |  3.9
Fighting       | 3 |  3.5
Dodging        | 4 |  4.2
Invocations    | 1 |  1.5
Stealth        | 1 |  1.0
Throwing       | |  2.0

Action                   |  1- 3 |  4- 6 || total
-------------------------+-------+-------++-------
Melee: War axe           |    59 |   106 ||   165
       Headbutt          |     4 |    25 ||    29
Armor: Ring mail         |    14 |    33 ||    47
Dodge: Dodged            |    40 |    77 ||   117

Table legend: (Time is in decaauts)
 A = Elapsed time spent in this place.
 B = Non-inter-level travel time spent in this place.
 C = Inter-level travel time spent in this place.
 D = Time resting spent in this place.
 E = Time spent auto-exploring this place.
 F = Levels seen in this place.
 G = Mean time per level.
                   A        B        C        D        E       F      G
               +--------+--------+--------+--------+--------+-----+--------+
         Total |   4293 |   4108 |    185 |    772 |   2742 |   6 |  715.5 |
       Dungeon |   3978 |   3896 |     82 |    772 |   2535 |   5 |  795.6 |
        Temple |    314 |    211 |    103 |      0 |    207 |   1 |  314.0 |
               +--------+--------+--------+--------+--------+-----+--------+

Top non-repeatable levels by time:
     D:2: 1052 daAuts
     D:4: 1035 daAuts
     D:1: 866 daAuts
     D:3: 693 daAuts
     D:5: 330 daAuts
  Temple: 314 daAuts
